 Dungeon Crawl Stone Soup version 0.23-a0-650-ga4d50d4 (console) character file.

81 Duffy the Firebug (level 4, -1/30 HPs)
             Began as a Demonspawn Fire Elementalist on Jan 6, 2019.
             Was an Initiate of Sif Muna.
             Slain by an orc
             ... wielding a +0 hand axe
              (4 damage)
             ... on level 2 of the Dungeon.
             The game lasted 00:02:30 (1746 turns).

Duffy the Firebug (Demonspawn Fire Elementalist)    Turns: 1746, Time: 00:02:30

Health: -1/30      AC:  2    Str:  9    XL:     4   Next: 19%
Magic:  1/8        EV: 12    Int: 17    God:    Sif Muna [......]
Gold:   78         SH:  0    Dex: 13    Spells: 4/8 levels left

rFire    . . .     SeeInvis .   f - +2 mace (drain)
rCold    . . .     Gourm    .   (no shield)
rNeg     . . .     Faith    .   a - +0 robe
rPois    .         Spirit   .   (no helmet)
rElec    .         Reflect  .   (no cloak)
rCorr    .         Harm     .   (no gloves)
MR       .....                  (no boots)
Stlth    ++........             (no amulet)
HPRegen  0.10/turn              (no ring)
MPRegen  0.11/turn              (no ring)

@: very slightly contaminated
A: powered by death 2
a: Renounce Religion


You were on level 2 of the Dungeon.
You worshipped Sif Muna.
Sif Muna was noncommittal.
You were very hungry.

You visited 1 branch of the dungeon, and saw 3 of its levels.

You collected 78 gold pieces.

Inventory:

Hand Weapons
 b - a +0 short sword
 f - a +2 mace of draining (weapon)
Armour
 a - a +0 robe (worn)
Scrolls
 d - a scroll of immolation {unknown}
 e - a scroll of teleportation {unknown}
 k - 2 scrolls of amnesia {unknown}
 l - a scroll of fear {unknown}
Potions
 g - 2 potions of curing {unknown}
 h - a potion of berserk rage {unknown}
 i - a potion of agility {unknown}
 j - a potion of might {unknown}
Comestibles
 c - a ration


   Skills:
 - Level 1.7 Dodging
 - Level 1.7 Stealth
 + Level 2.8 Spellcasting
 + Level 2.4 Conjurations
 + Level 3.4 Fire Magic


You had 4 spell levels left.
You knew the following spells:

 Your Spells              Type           Power        Failure   Level  Hunger
h - Flame Tongue          Conj/Fire      ##...        5%          1    #......
l - Conjure Flame         Conj/Fire      ##......     16%         3    ###....

Your spell library contained the following spells:

 Spells                   Type           Power        Failure   Level  Hunger
 Throw Flame              Conj/Fire      ##....       9%          2    ##.....
 Inner Flame              Hex/Fire       #.......     26%         3    ###....
 Sticky Flame             Conj/Fire      ##......     47%         4    #####..
 Fireball                 Conj/Fire      ##........   83%         5    ######.


Dungeon Overview and Level Annotations

Branches:
Dungeon (3/15)

Altars:
Sif Muna
The Shining One

Annotations:
D:1 Dig


Innate Abilities, Weirdness & Mutations

You regenerate health from kills.


Message History

Press: ? - help, Shift-Dir - straight line, f - orc
Aim: an orc, wielding a +0 hand axe The flame tongue misses the orc.
The orc hits you with a +0 hand axe.
Casting: Flame Tongue (safe; 5% risk of failure)
Confirm with . or Enter, or press ? or * to list all spells.
Aiming: Flame Tongue (safe; 5% risk of failure)
Press: ? - help, Shift-Dir - straight line, f/p - orc
Aim: an orc, wielding a +0 hand axe You miscast Flame Tongue.
You are very lightly contaminated with residual magic.
Nothing appears to happen.
The orc misses you.
Casting: Flame Tongue (safe; 5% risk of failure)
Confirm with . or Enter, or press ? or * to list all spells.
You don't have enough magic to cast that spell.
You closely miss the orc. The orc hits you but does no damage.
You barely miss the orc. The orc closely misses you.
You hit the orc.
The orc is heavily wounded.
The orc hits you with a +0 hand axe. x2
You die...

............# ..#
.....######.###'##+#####
........ #.....)......#
.####### #............#
.#.... #............# ......
#............# ######
#............# .....#
#......o>....# ..<#.#
#......@.....# ...#.#
#............#
...#.####.#............#
..........#.......[....#
...#.######............###.#
...........................#
.....#######...........#####
........#...)....$.#'###
#######.#..#########.#


You could see an orc.

Vanquished Creatures
  An orc wizard (D:3)
  An ooze (D:1)
  A dart slug (D:2)
  2 leopard geckos (D:1)
  An orc (D:3)
  2 giant cockroaches (D:1)
  5 goblins
  A hobgoblin (D:1)
  9 jackals
  4 kobolds
  9 bats (D:1)
  3 frilled lizards
  3 rats (D:1)
42 creatures vanquished.

Notes
Turn   | Place    | Note
-------+----------+-------------------------------------------
     0 | D:1      | Duffy the Demonspawn Fire Elementalist began the quest for
                  | the Orb.
     0 | D:1      | Reached XP level 1. HP: 13/13 MP: 3/3
   119 | D:2      | Found a deep blue altar of Sif Muna.
   185 | D:2      | Became a worshipper of Sif Muna the Loreminder
   220 | D:2      | Noticed an ogre
   291 | D:1      | Gained mutation: You regenerate a little health from kills.
                  | [demonic ancestry]
   291 | D:1      | Reached XP level 2. HP: 16/19 MP: 0/5
   413 | D:1      | Reached skill level 3 in Fire Magic
   568 | D:1      | Found a glowing golden altar of the Shining One.
   683 | D:1      | Gained mutation: You regenerate health from kills. [demonic
                  | ancestry]
   683 | D:1      | Reached XP level 3. HP: 21/24 MP: 0/6
   688 | D:1      | Learned a level 3 spell: Conjure Flame
  1728 | D:3      | Reached XP level 4. HP: 9/30 MP: 1/8
  1746 | D:2      | Slain by an orc

Vault maps used:
D:1:      dpeg_arrival_pits, serial_glass, glass_columns_c, glass_columns_a,
          glass_columns_c, glass_columns_a, glass_columns_a, feat_on_display,
          due_unseen_surprise, tso_metal_star
D:2:      lemuel_crystal_altar
D:3:      first_ration, kennysheep_pointless_box, minmay_door_square

Skill      XL: |  1  2  3 |
---------------+----------+-----
Fire Magic     | 3 |  3.4
Conjurations   | 2 |  2.4
Dodging        | |  1.7
Stealth        | |  1.7
Spellcasting   | |  2.8

Action                   |  1- 3 |  4- 6 || total
-------------------------+-------+-------++-------
Melee: Short sword       |    20 |       ||    20
       Mace              |     3 |     3 ||     6
 Cast: Flame Tongue      |    66 |     1 ||    67
       Conjure Flame     |     1 |       ||     1
  Eat: Chunk             |     2 |       ||     2
Armor: Robe              |    11 |       ||    11
Dodge: Dodged            |    50 |     4 ||    54

Table legend:
 A = Non-vault XP
 B = Vault XP
 C = Vault XP percentage of total XP
 D = Non-vault monster count
 E = Vault monster count
 F = Vault count percentage of total count
                 A         B        C        D         E       F
            +---------+---------+-------+---------+---------+-------
      Total |     116 |       0 |   0.0 |      42 |       0 |   0.0
            +---------+---------+-------+---------+---------+-------
        D:1 |      61 |       0 |   0.0 |      34 |       0 |   0.0
        D:2 |      12 |       0 |   0.0 |       6 |       0 |   0.0
        D:3 |      43 |       0 |   0.0 |       2 |       0 |   0.0
            +---------+---------+-------+---------+---------+-------
